 Dungeon Sprint DCSS version 0.31-a0-799-g6bc09d010c (webtiles) character file.

Game seed: 8072682962759988591

1256 sircluck the Grappler (level 8, -5/138 HPs)
             Began as a Troll Berserker on Sept 19, 2023.
             Was a High Priest of Trog.
             Slain by Snorg (10 damage)
             ... in the Dungeon (Sprint III: "The Ten Rune Challenge").
             The game lasted 00:00:57 (404 turns).

sircluck the Grappler (Troll Berserker)              Turns: 404, Time: 00:00:57

Health: -5/138     AC:  5    Str: 32    XL:     8   Next: 26%
Magic:  7/7        EV: 12    Int:  2    God:    Trog [*****.]
Gold:   38         SH:  0    Dex:  8    Spells: 7/7 levels left

rFire   . .          .
                       - Unarmed
rCold   . . .        (no shield)
rNeg    . . .        a - +0 animal skin
rPois   .            (helmet restricted)
rElec   .            i - +0 cloak
rCorr   .            (gloves unavailable)
SInv    .            (boots unavailable)
Will    .....        (no amulet) Stlth
                     (no ring)
HPRegen 1.23/turn    (no ring)
MPRegen 0.10/turn

%: no teleportation
@: berserking, very quick
A: large, unfitting armour, claws 3, regeneration 1, shaggy fur 1, tough skin 1,
strong 1
a: Renounce Religion, Berserk, Trog's Hand, Brothers in Arms


You were in the Dungeon.
You worshipped Trog.
Trog was extremely pleased with you.
You visited 1 branch You collected 38 gold pieces.

Inventory:

Armour
 a - a +0 animal skin (worn)
 i - a +0 cloak (worn)
Scrolls
 g - a scroll of blinking
 h - a scroll of silence {unknown}
 k - a scroll of immolation {unknown}
 l - 3 scrolls of identify
 n - a scroll of torment {unknown}
Potions
 b - 3 potions of curing
 c - a potion of heal wounds
 d - a potion of haste
 e - 2 potions of magic
 f - a potion of berserk rage
 j - 4 potions of mutation
 m - 2 potions of enlightenment
Miscellaneous
 o - a lightning rod (4/4)


   Skills:
 + Level 9.4 Fighting
 + Level 9.3 Dodging
 + Level 11.0 Unarmed Combat


You had 7 spell levels left.
You didn't know any spells.
Your spell library was empty.

Dungeon Overview and Level Annotations

Branches:
Dungeon (1/1)

Altars:
Cheibriados
Dithmenos
Elyvilon
Fedhas
Gozag
Hepliaklqana
Kikubaaqudgha
Makhleb
Nemelex Xobeh
Okawaru
Qazlal
Ru
Sif Muna
Trog
Uskayaw
Vehumet
Wu Jian
Xom
Yredelemnul
Zin
The Shining One
Jiyva
Lugonu

Annotations:
D Snorg


Innate Abilities, Weirdness & Mutations

You are too large for most types of armour.
You have claws for hands.
Your natural rate of healing is unusually fast.
You are covered in fur. (AC +1)
You have tough skin. (AC +1)
Your muscles are strong. (Str +4, Int/Dex -1)


Message History

You enter the shallow water.
Snorg shouts!
Snorg remarks, "Ah, I'm absolutely famished!"
You mangle Snorg!!
Snorg is lightly wounded.
Snorg barely misses you. Snorg claws you. x2
You barely miss Snorg.
Snorg is lightly wounded.
Snorg bites you! Snorg barely misses you. Snorg claws you but does no damage.
You barely miss Snorg. You claw Snorg!!
Snorg is moderately wounded.
You claw Snorg!
Snorg is heavily wounded.
Snorg barely misses you. Snorg claws you. Snorg barely misses you.
You claw Snorg! Your claw misses Snorg.
Snorg is severely wounded.
Snorg goes berserk!
You mangle Snorg!!
Snorg is almost dead.
Snorg closely misses you. Snorg claws you! Snorg claws you.
You closely miss Snorg.
Snorg is almost dead.
Snorg bites you. Snorg barely misses you. Snorg claws you!
You claw Snorg!
Snorg is almost dead.
Snorg bites you.
Snorg claws you. x2; Snorg bites you but does no damage.
Snorg claws you!
* * * LOW HITPOINT WARNING * * *
Snorg claws you.
* * * LOW HITPOINT WARNING * * *
A red film seems to cover your vision as you go berserk!
You feel yourself moving faster!
You feel mighty! Snorg misses you. x2
Snorg claws you!
* * * LOW HITPOINT WARNING * * *
You barely miss Snorg.
Snorg is almost dead.
Snorg bites you!
* * * LOW HITPOINT WARNING * * *
Snorg claws you!
You die...

♣.#___#___#__#
♣.#...#__)#._#
..###'#†###)##
♣.#..........#
♣.'.⌠).......#
♣.#...######'#
..#.⌠.#__#...#+#####
..#...#__#...#.§§§§+
..#)###__#...#.#@§~#
..#.::#__#...'.#T§§#
..#___#__'...#.#§§§#
▓▓▓▓▓▓▓▓▓▓▓▓▓▓▓▓▓▓▓▓


You could see Snorg (berserk).

Vanquished Creatures
  A deep elf pyromancer (D)
  A shadow (D)
  A spatial vortex (D)
  A necrophage (D)
  A water elemental (D)
  Crazy Yiuf (D)
  A jelly (D)
  Jessica (D)
  A wizard (D)
  A necromancer (D)
  3 humans (D)
  A kobold demonologist (D)
  2 rats (D)
16 creatures vanquished.

Notes
Turn   | Place    | Note
-------+----------+-------------------------------------------
     0 | D        | sircluck the Troll Berserker began the quest for the Orb.
     0 | D        | Reached XP level 1. HP: 22/22 MP: 0/0
    12 | D        | Noticed Jessica
    15 | D        | Killed Jessica
    15 | D        | Reached ** piety under Trog
    16 | D        | Reached skill level 4 in Unarmed Combat
    16 | D        | Reached XP level 2. HP: 32/32 MP: 1/1
    37 | D        | Reached XP level 3. HP: 25/39 MP: 2/2
    52 | D        | Noticed Crazy Yiuf
    59 | D        | Killed Crazy Yiuf
    60 | D        | Reached skill level 5 in Unarmed Combat
    60 | D        | Reached XP level 4. HP: 43/49 MP: 3/3
    84 | D        | Gained mutation: Your muscles are strong. (Str +4, Int/Dex
                  | -1) [potion of mutation]
   100 | D        | Noticed a water elemental
   102 | D        | Killed a water elemental
   103 | D        | Reached skill level 5 in Fighting
   103 | D        | Reached skill level 5 in Dodging
   103 | D        | Reached skill level 6 in Unarmed Combat
   247 | D        | Found a radiant altar of Vehumet.
   247 | D        | Found a shimmering blue altar of Sif Muna.
   247 | D        | Found an ancient bone altar of Kikubaaqudgha.
   247 | D        | Noticed a wizard
   249 | D        | Killed a wizard
   249 | D        | Reached *** piety under Trog
   250 | D        | Reached XP level 5. HP: 58/58 MP: 4/4
   270 | D        | Found a glowing silver altar of Zin.
   270 | D        | Found a glowing golden altar of the Shining One.
   270 | D        | Found a white marble altar of Elyvilon.
   271 | D        | Noticed a deep elf pyromancer
   277 | D        | Killed a deep elf pyromancer
   277 | D        | Reached **** piety under Trog
   278 | D        | Reached skill level 9 in Unarmed Combat
   278 | D        | Reached XP level 6. HP: 60/72 MP: 5/5
   278 | D        | Reached XP level 7. HP: 67/80 MP: 6/6
   299 | D        | Found a hide-covered altar of Uskayaw.
   299 | D        | Found an iron altar of Okawaru.
   299 | D        | Found a bloodstained altar of Trog.
   299 | D        | Found an ornate altar of the Wu Jian Council.
   299 | D        | Noticed a human
   299 | D        | Noticed a human
   302 | D        | Killed a human
   303 | D        | Reached skill level 10 in Unarmed Combat
   305 | D        | Killed a human
   342 | D        | Found a basalt altar of Yredelemnul.
   342 | D        | Found a shadowy altar of Dithmenos.
   342 | D        | Found a sacrificial altar of Ru.
   343 | D        | Reached ***** piety under Trog
   358 | D        | Noticed a shadow
   361 | D        | Killed a shadow
   362 | D        | Reached XP level 8. HP: 76/92 MP: 7/7
   369 | D        | Found a blossoming altar of Fedhas.
   369 | D        | Found a stormy altar of Qazlal.
   369 | D        | Found a snail-covered altar of Cheibriados.
   369 | D        | Found a burning altar of Makhleb.
   369 | D        | Found a shimmering altar of Xom.
   370 | D        | Found a hazy altar of Hepliaklqana.
   370 | D        | Found an opulent altar of Gozag.
   370 | D        | Found a sparkling altar of Nemelex Xobeh.
   370 | D        | Found a corrupted altar of Lugonu.
   370 | D        | Found a viscous altar of Jiyva.
   380 | D        | Reached skill level 11 in Unarmed Combat
   394 | D        | Noticed Snorg
   404 | D        | HP: 5/138 [Snorg (9)]
   404 | D        | Slain by Snorg

Illustrated notes

Levels and vault maps discovered:
D:        dungeon_sprint_mu [sprint_mu_entry_forest, sprint_mu_temple_rooms,
          sprint_mu_d1_horrors, sprint_mu_d2_genie, sprint_mu_d3_branching,
          sprint_mu_orc_legion, sprint_mu_elf_gauntlet, sprint_mu_hive_nellie,
          sprint_mu_lair_fedhas, sprint_mu_vaults_butterflies,
          sprint_mu_slime_circle, sprint_mu_swamp_cave, sprint_mu_shoals_kraken,
          sprint_mu_blade_basic, sprint_mu_crypt_chambers,
          sprint_mu_tomb_spiral, sprint_mu_vestibule_basic,
          sprint_mu_gehenna_hellfire, sprint_mu_dis_giant,
          sprint_mu_tartarus_statrot, sprint_mu_cocytus_islands, sprint_mu_zot1]

Skill      XL: |  1  2  3  4  5  6  7  8 |
---------------+-------------------------+-----
Fighting       | 3 4 5 8 9 |  9.4
Dodging        | 3 4 5 7 9 |  9.3
Unarmed Combat | 4 5 6 9 10 11 | 11.0

Action                     |  1- 3 |  4- 6 |  7- 9 || total
---------------------------+-------+-------+-------++-------
  Melee: Unarmed           |    13 |    11 |    26 ||    50
         Punch             |       |     1 |     1 ||     2
 Invoke: Berserk           |       |     1 |     2 ||     3
    Use: Potion            |       |     1 |       ||     1
 Armour: Animal skin       |     7 |     3 |    23 ||    33
  Dodge: Dodged            |     3 |     2 |    11 ||    16

Table legend: (Time is in decaauts)
 A = Elapsed time spent in this place.
 B = Non-inter-level travel time spent in this place.
 C = Inter-level travel time spent in this place.
 D = Time resting spent in this place.
 E = Time spent auto-exploring this place.
 F = Levels seen in this place.
 G = Mean time per level.
                   A        B        C        D        E       F      G
               +--------+--------+--------+--------+--------+-----+--------+
         Total |    414 |    414 |      0 |    192 |    117 |   1 |  414.0 |
       Dungeon |    414 |    414 |      0 |    192 |    117 |   1 |  414.0 |
               +--------+--------+--------+--------+--------+-----+--------+

Top non-repeatable levels by time:
       D: 414 daAuts
